 Dungeon Crawl Stone Soup version 0.30-a0-23-ge60ba3568b (webtiles) character file.

Game seed: 9552642728516237761

2427 ytrimaz the Martial Artist (level 9, 0/53 HPs)
             Began as an Octopode Transmuter on Aug 25, 2022.
             Was a Follower of Ashenzari.
             Slain by a yak (7 damage)
             ... on level 6 of the Dungeon.
             The game lasted 00:10:37 (7728 turns).

ytrimaz the Martial Artist (Octopode Transmuter)    Turns: 7728, Time: 00:10:37

Health: 0/53       AC:  6    Str:  8    XL:     9   Next: 48%
Magic:  16/18      EV: 19    Int: 23    God:    Ashenzari [*.....]
Gold:   388        SH:  0    Dex: 17    Spells: 10/20 levels left

rFire   . . .      SeeInvis +      - Unarmed
rCold   . . .      Faith    .    (shield currently unavailable)
rNeg    . . .      Spirit   .    (helmet currently unavailable)
rPois   x          Reflect  .    (no amulet)
rElec   .          Harm     .    e - ring of the Pangnostic Secrets {AC+4, Elem, Self} (curse)
rCorr   .          Rampage  .    i - ring of see invisible
Will    +....                    j - ring of willpower
Stlth   ++........               t - ring of see invisible
HPRegen 0.17/turn                q - ring "Nihilism of Ashenzari" {Slay+4, Elem, Bglg} (curse)
MPRegen 0.16/turn                (no ring)
                                 (no ring)
                                 (no ring)

@: spider-form (expiring), wereblooded
A: venomous fangs, almost no armour, (amphibious), 8 rings, tiny, (camouflage
1), (gelatinous body 1), (nimble swimmer 1), (tentacles), clever 1
a: End Transformation, Renounce Religion, Shatter the Chains


You were on level 6 of the Dungeon.
You worshipped Ashenzari.
Ashenzari was aware of your devotion.
You were a venomous arachnid creature.
You visited 2 branches of the dungeon, and saw 7 of its levels.
You also visited: Sewer.

You collected 388 gold pieces.

Inventory:

Jewellery
 e - the cursed ring of the Pangnostic Secrets (left front leg) {AC+4, Elem, Self}
   (You found it on level 1 of the Dungeon)

   [ring of protection]

   AC:        It affects your AC (+4).
   It has a curse which improves the following skills: Elements: Fire Magic, Ice
   Magic, Air Magic and Earth Magic.
   Introspection: Fighting and Spellcasting.
 i - a ring of see invisible (right front leg)
 j - a ring of willpower (on tentacle)
 q - the cursed ring "Nihilism of Ashenzari" (on tentacle) {Slay+4, Elem, Bglg}
   (You found it on level 5 of the Dungeon)

   [ring of slaying]

   Slay:      It affects your accuracy & damage with ranged weapons and melee
   (+4).
   It has a curse which improves the following skills: Elements: Fire Magic, Ice
   Magic, Air Magic and Earth Magic.
   Beguiling: Conjurations, Hexes and Translocations.
 t - a ring of see invisible (on tentacle)
Wands
 f - a wand of iceblast (5)
 l - a wand of digging (3)
 o - a wand of flame (9)
 v - a wand of paralysis (14)
Scrolls
 c - 4 scrolls of teleportation
 m - 2 scrolls of enchant armour
 r - 3 scrolls of silence
 u - a scroll of fog
Potions
 a - 2 potions of magic
 b - a potion of attraction
 d - a potion of brilliance
 g - a potion of curing
 h - 4 potions of might
 k - a potion of heal wounds
 n - 3 potions of mutation
 p - a potion of haste
 s - a potion of degeneration


   Skills:
 - Level 1.0(1.5) Fighting
 - Level 2.0 Dodging
 + Level 10.1 Unarmed Combat
 - Level 5.2(6.0) Spellcasting
 - Level 5.0 Transmutations
 - Level 0.2(0.5) Ice Magic
 - Level 4.0 Poison Magic


You had 10 spell levels left.
You knew the following spells:

 Your Spells              Type           Power      Damage    Failure   Level
a - Beastly Appendage     Tmut           60%        N/A       5%          1
b - Wereblood             Tmut           30%        N/A       7%          2
c - Spider Form           Tmut/Pois      27%        N/A       13%         3
d - Ice Form              Ice/Tmut       19%        N/A       47%         4

Your spell library contained the following spells:

 Spells                   Type           Power      Damage    Failure   Level
 Ignite Poison            Fire/Tmut/Pois 21%        N/A       19%         3
 Conjure Flame            Conj/Fire      7%         6-21      45%         3
 Stone Arrow              Conj/Erth      14%        3d7       45%         3
 Sticky Flame             Conj/Fire      7%         2d3       82%         4
 Freezing Cloud           Conj/Ice/Air   4%         6-21      98%         5
 Simulacrum               Ice/Necr       4%         N/A       100%        6
 Lehudib's Crystal Spear  Conj/Erth      3%         10d3      100%        8
 Polar Vortex             Ice            4%         N/A       100%        9
 Animate Armour           Summ/Erth      Unusable   N/A       N/A         4

Dungeon Overview and Level Annotations

Branches:
Dungeon (6/15)             Temple (1/1) D:4           Sewer (visited)

Altars:
Ashenzari
Cheibriados
Dithmenos
Elyvilon
Fedhas
Hepliaklqana
Kikubaaqudgha
Makhleb
Okawaru
Qazlal
Ru
Sif Muna
Trog
Vehumet
Wu Jian
Xom
Yredelemnul
Zin
The Shining One

Shops:
D:1 :   D:3 =


Innate Abilities, Weirdness & Mutations

You are a venomous arachnid creature.
You have poisonous fangs.
You are tiny and dextrous.
Your spellcasting is less reliable in this form.
Your armour is entirely melded.
You are incapable of wielding weapons or throwing items.
You cannot wear most types of armour.
((You are amphibious.))
You can wear up to eight rings at the same time.
((Your skin changes colour to match your surroundings (Stealth+).))
((Your rubbery body absorbs attacks. (AC +1, EV +1)))
((You are camouflaged when in or above water. (Stealth+)))
((You have tentacles for arms and can constrict up to eight enemies at once.))
Your mind is acute. (Int +4, Str/Dex -1)


Message History

Your blood is infused with primal strength.
You hit the yak but do no damage.
The yak is poisoned.
The yak gores you! The yak gores you.
You bite the yak!
The yak looks as sick as possible!
The yak is moderately wounded.
The yak misses you. The yak barely misses you.
You barely miss the yak.
The yak is moderately wounded.
The yak completely misses you. x2
Unknown command.
You hit the yak.
The yak looks as sick as possible!
The yak is heavily wounded.
You hit the yak.
The yak looks as sick as possible!
The yak is lightly wounded.
The yak completely misses you. The yak misses you.
Unknown command.
You hit the yak.
The yak is severely wounded.
The yak gores you. The yak closely misses you.
You hit the yak.
The yak is almost dead.
The yak completely misses you. The yak gores you!
You bite the yak!
You feel a bit better.
You kill the yak!
The yak gores you!
Your Unarmed Combat skill increases to level 10!
Unknown command.
You bite the yak!
The yak is heavily wounded.
Your transformation is almost over.
You barely miss the yak.
The yak is heavily wounded.
The yak closely misses you. The yak gores you.
Unknown command.
You bite the yak!
The yak is moderately wounded.
The yak gores you!
* * * LOW HITPOINT WARNING * * *
The yak gores you!
You die...

#..#....#............
#..#....#............
##.####.##.###..#####
.......#.####.##.###..#....
#.........#..............#....
#.........#..............#....
#.........#..............#....
#.[.......#..............#....
#.........#.Ys...........#....
###......Y..##Y###'#########....
........[.Y...Y.............####
.......<[...................#
............................#
...#########.............?..####
. #................#...
##'######....#####...
#......#..†.#.......


You could see 3 yaks.

Vanquished Creatures
  Sigmund (D:5)
  3 yaks
  Duvessa (D:6)
  An ice beast (D:5)
  2 black bears
  An ogre (D:5)
  A kobold brigand (D:6)
  2 bullfrogs (Sewer)
  2 necrophages (D:6)
  3 scorpions
  Dowan (D:6)
  2 jellies
  4 hounds
  Ijyb (D:3)
  Natasha (thrice) (D:3)
  Terence (D:2)
  3 iguanas
  An orc wizard (D:3)
  Robin (D:3)
  7 gnolls
  13 adders
  4 river rats (Sewer)
  A shadow imp (D:5)
  2 white imps
  An ufetubus (D:6)
  3 worms
  3 dart slugs
  10 orcs
  20 ball pythons
  8 bats
  4 endoplasms
  6 giant cockroaches
  13 goblins
  7 hobgoblins
  2 jackals (D:1)
  5 quokkas
  10 frilled lizards
  13 kobolds
  22 rats
  A spectral kobold (D:3)
  A butterfly (D:5)
190 creatures vanquished.

Notes
Turn   | Place    | Note
-------+----------+-------------------------------------------
     0 | D:1      | ytrimaz the Octopode Transmuter began the quest for the
                  | Orb.
     0 | D:1      | Reached XP level 1. HP: 13/13 MP: 3/3
   261 | D:1      | Reached XP level 2. HP: 17/18 MP: 3/5
   289 | D:1      | Learned a level 2 spell: Wereblood
  1084 | D:1      | Reached XP level 3. HP: 23/23 MP: 5/7
  1088 | D:1      | Learned a level 3 spell: Spider Form
  1191 | D:1      | Found Fuiropp's Book Shoppe.
  1846 | D:2      | Found a basalt altar of Yredelemnul.
  1847 | D:2      | Noticed Terence
  1862 | D:2      | Killed Terence
  1863 | D:2      | Reached XP level 4. HP: 28/28 MP: 6/8
  2365 | D:3      | Reached XP level 5. HP: 32/33 MP: 4/10
  2421 | D:3      | Noticed Robin
  2427 | D:3      | Killed Robin
  2428 | D:3      | Reached skill level 4 in Unarmed Combat
  2698 | D:3      | Reached XP level 6. HP: 33/38 MP: 8/11
  3114 | D:3      | Found a faded altar of an unknown god.
  3170 | D:3      | Noticed Natasha
  3189 | D:3      | Killed Natasha
  3404 | D:3      | Found Bofougg Dimy's Jewellery Emporium.
  3432 | D:3      | Noticed Ijyb
  3444 | D:3      | Killed Ijyb
  3445 | D:3      | Reached skill level 5 in Unarmed Combat
  3757 | D:3      | Found a blossoming altar of Fedhas.
  3810 | D:3      | Noticed Natasha
  3821 | D:3      | Killed Natasha
  4014 | D:3      | Noticed Natasha
  4041 | D:3      | Killed Natasha
  4228 | D:4      | You fall into a shaft and drop 1 floor!
  4228 | D:5      | Entered Level 5 of the Dungeon
  4255 | D:5      | Found a glowing drain.
  4272 | D:5      | Reached XP level 7. HP: 43/43 MP: 9/13
  4281 | Sewer    | Entered a sewer
  4851 | D:4      | Found a stormy altar of Qazlal.
  4881 | D:4      | Reached skill level 6 in Unarmed Combat
  5092 | D:4      | Found a staircase to the Ecumenical Temple.
  5105 | Temple   | Entered the Ecumenical Temple
  5111 | Temple   | Became a worshipper of Ashenzari the Shackled
  5173 | D:4      | Found an ancient bone altar of Kikubaaqudgha.
  5302 | D:4      | Identified the +0 robe of the Weak God {rElec rPois rC-
                  | Slay+2}
  5573 | D:4      | Gained mutation: Your mind is acute. (Int +4, Str/Dex -1)
                  | [potion of mutation]
  5607 | D:5      | Noticed Sigmund
  5616 | D:5      | Reached XP level 8. HP: 30/48 MP: 15/15
  5659 | D:5      | Reached skill level 5 in Spellcasting
  5871 | D:5      | Killed Sigmund
  5872 | D:5      | Reached skill level 5 in Transmutations
  6006 | D:5      | Reached skill level 7 in Unarmed Combat
  6033 | D:5      | Found a shimmering altar of Xom.
  6243 | D:5      | Reached skill level 1 in Poison Magic
  6268 | D:5      | Learned a level 4 spell: Ice Form
  6718 | D:5      | Reached skill level 8 in Unarmed Combat
  6894 | D:6      | Reached * piety under Ashenzari
  6908 | D:6      | Noticed Dowan
  6908 | D:6      | Noticed a yak
  6909 | D:6      | Noticed Duvessa
  6937 | D:6      | Killed Dowan
  6938 | D:6      | Killed Duvessa
  7131 | D:6      | Noticed a yak
  7131 | D:6      | Noticed a yak
  7131 | D:6      | Noticed a yak
  7131 | D:6      | Noticed a yak
  7137 | D:6      | Noticed a yak
  7148 | D:5      | Killed a yak
  7149 | D:5      | Reached XP level 9. HP: 42/53 MP: 16/18
  7288 | D:6      | Reached skill level 9 in Unarmed Combat
  7726 | D:6      | Reached skill level 10 in Unarmed Combat
  7728 | D:6      | Slain by a yak

Illustrated notes

Levels and vault maps discovered:
D:1:      mrwooster_arrival_statue_2, layout_loops_ring, serial_shops, shop
D:2:      layout_basic, basic_altar, uniq_terence
D:3:      layout_loops_corners, general_overflow_altar, serial_shops, shop,
          dreamdust_ecumenical_altar_drowned_temple,
          minmay_fractal_squares_diagonal_5, uniq_ijyb, uniq_robin, uniq_natasha
D:4:      layout_loops_ring, mainiacjoe_overflow_small_starburst,
          mainiacjoe_overflow_surrounded_room, minmay_temple_entry_sparse_star
D:5:      layout_cave_pools, xom_butterflies, gup_sewer_entry_glass,
          minmay_increasing_density, uniq_sigmund
D:6:      layout_gridville, moated_statue, uniq_edmund, uniq_duvessa
Temple:   nicolae_temple_no_exploring_needed

Skill      XL: |  1  2  3  4  5  6  7  8  9 |
---------------+----------------------------+-----
Spellcasting   | 3 4 5 |  5.2
Transmutations | 3 4 5 |  5.0
Unarmed Combat | 4 5 6 8 10 | 10.1
Poison Magic   | 3 4 |  4.0
Fighting       | |  1.0
Dodging        | |  2.0
Ice Magic      | |  0.2

Action                   |  1- 3 |  4- 6 |  7- 9 || total
-------------------------+-------+-------+-------++-------
Melee: Unarmed           |   103 |   139 |   254 ||   496
       Constrict         |    29 |    22 |    29 ||    80
       Kick              |    21 |    12 |    40 ||    73
       Tentacles         |    13 |    23 |    17 ||    53
       Punch             |     3 |     2 |     5 ||    10
 Cast: Beastly Appendage |    26 |    18 |    21 ||    65
       Spider Form       |     1 |     4 |    12 ||    17
       Wereblood         |       |     4 |     7 ||    11
       Ice Form          |       |       |     2 ||     2
Invok: Curse Item        |       |       |     2 ||     2
  Use: Potion            |     2 |     3 |     6 ||    11
       Scroll            |     2 |     4 |     8 ||    14
 Stab: Sleeping          |     4 |     5 |       ||     9
Armor: Skin              |    34 |    67 |    86 ||   187
Dodge: Dodged            |    76 |    78 |   277 ||   431

Table legend: (Time is in decaauts)
 A = Elapsed time spent in this place.
 B = Non-inter-level travel time spent in this place.
 C = Inter-level travel time spent in this place.
 D = Time resting spent in this place.
 E = Time spent auto-exploring this place.
 F = Levels seen in this place.
 G = Mean time per level.
                   A        B        C        D        E       F      G
               +--------+--------+--------+--------+--------+-----+--------+
         Total |   7681 |   7532 |    149 |    138 |   6006 |   8 |  960.1 |
       Dungeon |   7181 |   7042 |    139 |    138 |   5702 |   6 | 1196.8 |
        Temple |     12 |      2 |     10 |      0 |      0 |   1 |   12.0 |
         Sewer |    487 |    487 |      0 |      0 |    304 |   1 |  487.0 |
               +--------+--------+--------+--------+--------+-----+--------+

Top non-repeatable levels by time:
     D:3: 1897 daAuts
     D:1: 1538 daAuts
     D:5: 1417 daAuts
     D:6: 787 daAuts
     D:4: 782 daAuts
     D:2: 757 daAuts
   Sewer: 487 daAuts
  Temple: 12 daAuts
